 Dungeon Crawl Stone Soup version 0.24-a0-525-g9231cdcba1 (webtiles) character file.

Game seed: 14223589536142233347

6941 Kae the Impaler (level 11, -3/72 HPs)
             Began as a Merfolk Gladiator on Aug 1, 2019.
             Was a High Priest of Okawaru.
             Slain by a yak (13 damage)
             ... on level 10 of the Dungeon.
             The game lasted 00:11:52 (9261 turns).

Kae the Impaler (Merfolk Gladiator)                 Turns: 9261, Time: 00:11:53

Health: -3/72      AC:  5    Str: 17    XL:     11   Next: 7%
Magic:  15/16      EV: 22    Int:  8    God:    Okawaru [*****.]
Gold:   403        SH:  5    Dex: 16    Spells: 10/10 levels left

rFire    . . .     SeeInvis +   a - +1 trident
rCold    . . .     Gourm    .   (no shield)
rNeg     . . .     Faith    .   b - +0 leather armour
rPois    .         Spirit   .   i - +2 hat
rElec    .         Reflect  +   (no cloak)
rCorr    .         Harm     .   (no gloves)
MR       .....                  (no boots)
Stlth    +++.......             n - +5 amulet of reflection
HPRegen  0.22/turn              r - ring of see invisible
MPRegen  0.15/turn              (no ring)

@: heroism
A: change form in water, swift swim, stealthy swim
a: Heroism, Finesse, Renounce Religion


You were on level 10 of the Dungeon.
You worshipped Okawaru.
Okawaru was extremely pleased with you.
You were hungry.

You visited 2 branches of the dungeon, and saw 10 of its levels.

You collected 403 gold pieces.

Inventory:

Hand Weapons
 a - a +1 trident (weapon)
 y - a +0 glaive
Missiles
 d - 7 throwing nets
 h - 26 boomerangs (quivered)
Armour
 b - a +0 leather armour (worn)
 c - a +1 helmet
 i - a +2 hat (worn)
Jewellery
 n - a +5 amulet of reflection (around neck)
 r - a ring of see invisible (left hand)
Wands
 o - a wand of flame (11)
 q - a wand of polymorph (5)
 u - a wand of iceblast (8)
 w - a wand of random effects (14)
Scrolls
 g - a scroll of fear
 j - a scroll of enchant armour
 k - 3 scrolls of remove curse
 m - 2 scrolls of identify
 s - 2 scrolls of magic mapping
 v - a scroll of enchant weapon
Potions
 e - a potion of lignification
 l - 3 potions of curing
 p - a potion of ambrosia
 t - a potion of invisibility
 x - 3 potions of heal wounds
Comestibles
 f - 19 rations


   Skills:
 - Level 2.1(7.1) Fighting
 + Level 18.8(23.8) Polearms
 - Level 2.0(7.0) Throwing
 + Level 8.6(13.6) Dodging
 * Level 6.8 Invocations


You had 10 spell levels left.
You didn't know any spells.
Your spell library was empty.

Dungeon Overview and Level Annotations

Branches:
Dungeon (10/15)            Temple (1/1) D:4
   Lair: D:8-11         Orc: D:9-12

Altars:
Ashenzari
Cheibriados
Dithmenos
Fedhas
Gozag
Hepliaklqana
Kikubaaqudgha
Makhleb
Nemelex Xobeh
Okawaru
Qazlal
Ru
Sif Muna
Trog
Uskayaw
Wu Jian
Xom
The Shining One

Annotations:
D:9 Erolcha


Message History

You block the bullfrog skeleton's attack.
You see here a scorpion corpse.
You hit the bullfrog skeleton.
The bullfrog skeleton is lightly damaged.
The bullfrog skeleton misses you.
You puncture the bullfrog skeleton!
The bullfrog skeleton is moderately damaged.
You block the bullfrog skeleton's attack.
You hit the bullfrog skeleton but do no damage.
The bullfrog skeleton is moderately damaged.
The bullfrog skeleton completely misses you.
You puncture the bullfrog skeleton!
The bullfrog skeleton is severely damaged.
The yak gores you!
* * * LOW HITPOINT WARNING * * *
You puncture the bullfrog skeleton!
The bullfrog skeleton is almost destroyed.
The bullfrog skeleton closely misses you.
The yak gores you!
You die...

##.##..........#...)..
#...#....O.....#...... ##..##
#......###.##.........
#......#z.......####.........
#...##.#..#..Y.#####..#.#..##
####...#.....#†.####..#.zO.z..<.
##....(.......#Y####..........Y..
#......... ...#YZ#...#.....#..(..
.......## ###.#?@....##....#.....
..#....)###..........##...##.....
..#.#>.[#........................
....##...........................
....#..(.......).................
....##..(..........#...........##
##..#..##.........#######.......
....#...#.(.....### .......
.............##.# ....).


You could see 2 yaks and a bullfrog skeleton.

Vanquished Creatures
  Harold (D:9)
  3 two-headed ogres
  A hippogriff (D:10)
  2 wyverns
  A wraith (D:10)
  8 yaks
  2 sky beasts
  2 ice beasts
  2 orc warriors
  2 ogres
  5 centaurs
  A big kobold (D:8)
  A gnoll sergeant (D:8)
  A bullfrog (D:8)
  2 scorpions (D:10)
  A wight (D:9)
  2 bullfrog zombies
  A quasit (D:4)
  4 orc priests
  4 hounds
  2 bullfrog skeletons (D:10)
  10 orc wizards
  Terence (D:2)
  Natasha (thrice) (D:3)
  4 worker ants
  9 gnolls
  A howler monkey skeleton (D:5)
  4 adders
  An adder skeleton (D:4)
  2 worms (D:3)
  A dart slug (D:3)
  2 leopard geckos
  32 orcs
  3 ball pythons
  6 giant cockroaches
  5 goblins
  4 hobgoblins
  12 jackals
  7 kobolds
  3 quokkas
  3 bats
  3 frilled lizards
  2 jackal skeletons (D:4)
  A jackal zombie (D:5)
  A quokka skeleton (D:4)
  6 rats
174 creatures vanquished.

Notes
Turn   | Place    | Note
-------+----------+-------------------------------------------
     0 | D:1      | Kae the Merfolk Gladiator began the quest for the Orb.
     0 | D:1      | Reached XP level 1. HP: 16/16 MP: 1/1
   144 | D:1      | Reached skill level 5 in Polearms
   183 | D:1      | Reached XP level 2. HP: 22/22 MP: 2/2
   406 | D:1      | You fall into a shaft and drop 1 floor!
   407 | D:2      | Noticed Terence
   417 | D:2      | Killed Terence
   417 | D:2      | Reached skill level 6 in Polearms
   417 | D:2      | Reached XP level 3. HP: 11/27 MP: 3/3
   720 | D:2      | Reached XP level 4. HP: 26/33 MP: 4/4
   760 | D:2      | Reached skill level 7 in Polearms
  1380 | D:2      | Found a blossoming altar of Fedhas.
  2217 | D:3      | Noticed Natasha
  2230 | D:3      | Killed Natasha
  2230 | D:3      | Reached skill level 8 in Polearms
  2230 | D:3      | Reached XP level 5. HP: 38/38 MP: 5/5
  2236 | D:3      | Found a hide-covered altar of Uskayaw.
  2740 | D:3      | Noticed Natasha
  2745 | D:3      | Killed Natasha
  2761 | D:3      | Found a hide-covered altar of Uskayaw.
  3014 | D:3      | Noticed Natasha
  3345 | D:3      | Killed Natasha
  3345 | D:3      | Reached skill level 9 in Polearms
  3385 | D:4      | Found a staircase to the Ecumenical Temple.
  3432 | D:4      | Reached XP level 6. HP: 35/44 MP: 6/6
  3497 | Temple   | Entered the Ecumenical Temple
  3656 | D:4      | Found an ancient bone altar of Kikubaaqudgha.
  3683 | D:4      | Found a shadowy altar of Dithmenos.
  3778 | D:4      | Reached skill level 10 in Polearms
  3979 | D:4      | Found a sacrificial altar of Ru.
  3998 | D:4      | Found a snail-covered altar of Cheibriados.
  4050 | D:4      | Noticed an orc warrior
  4435 | D:4      | Killed an orc warrior
  4435 | D:4      | Reached skill level 11 in Polearms
  4435 | D:4      | Reached XP level 7. HP: 50/50 MP: 7/7
  4534 | D:5      | Entered Level 5 of the Dungeon
  4886 | D:5      | Found an iron altar of Okawaru.
  4924 | D:5      | Reached skill level 12 in Polearms
  4991 | D:5      | Became a worshipper of Warmaster Okawaru
  5051 | D:5      | Reached XP level 8. HP: 45/56 MP: 8/8
  5219 | D:5      | Reached skill level 13 in Polearms
  5219 | D:5      | Reached skill level 1 in Invocations
  5784 | D:6      | Found a sparkling altar of Nemelex Xobeh.
  5799 | D:6      | You fall into a shaft and drop 2 floors!
  6043 | D:8      | Found a hazy altar of Hepliaklqana.
  6074 | D:8      | Noticed a two-headed ogre
  6077 | D:8      | Noticed a two-headed ogre
  6078 | D:8      | Reached * piety under Okawaru
  6078 | D:8      | Reached skill level 14 in Polearms
  6888 | D:8      | Killed a two-headed ogre
  6888 | D:8      | Reached ** piety under Okawaru
  6888 | D:8      | Reached skill level 15 in Polearms
  6888 | D:8      | Reached skill level 5 in Dodging
  6888 | D:8      | Reached XP level 9. HP: 61/61 MP: 11/11
  7058 | D:8      | Killed a two-headed ogre
  7058 | D:8      | Reached *** piety under Okawaru
  7058 | D:8      | Reached skill level 16 in Polearms
  7488 | D:8      | Reached XP level 10. HP: 64/67 MP: 13/13
  7502 | D:8      | Reached skill level 5 in Invocations
  7510 | D:8      | Reached skill level 17 in Polearms
  7702 | D:9      | Reached **** piety under Okawaru
  7730 | D:9      | Noticed Erolcha
  7840 | D:9      | Noticed Harold
  7875 | D:9      | Killed Harold
  8369 | D:10     | Entered Level 10 of the Dungeon
  8387 | D:10     | Reached skill level 18 in Polearms
  8519 | D:10     | Noticed a two-headed ogre
  9194 | D:10     | Killed a two-headed ogre
  9194 | D:10     | Reached ***** piety under Okawaru
  9209 | D:10     | Reached XP level 11. HP: 72/72 MP: 15/15
  9261 | D:10     | Slain by a yak

Levels and vault maps discovered:
D:1:      dpeg_arrival_tiny_a, layout_loops_corners
D:2:      minmay_spotlight, layout_basic, first_ration, fedhas_altar_fruit_tree,
          uniq_terence
D:3:      layout_loops_ring, eat_drink_and_be_merry_uskayaw, hex_tiny,
          uniq_natasha
D:4:      layout_basic, kiku_gazebo_garden_becter, nicolae_ru_awakened_eye,
          nicolae_overflow_hidden_temple, minmay_temple_entry_tees,
          grunt_dithmenos_smoke
D:5:      layout_basic, okawaru_gym_becter
D:6:      layout_loops_ring, nemelex_xobeh_ov_fountains_minmay,
          kennysheep_mini_moat, gammafunk_ghost_icy, serial_shops,
          nicolae_shop_waterfront, minivault_27
D:8:      layout_cave_pods, nicolae_overflow_crystal_walls, blue_anna_alchemist
          [blue_anna_fruit_fields, blue_anna_fruit_fields]
D:9:      layout_long_grid, zin_statuary, enter_bailey_8, uniq_erolcha,
          uniq_harold
D:10:     layout_cave_pools, special_room [special_room_orc],
          hangedman_abyss_or_decor_lesser_grid
Temple:   zaba_magenta_temple

Skill      XL: |  1  2  3  4  5  6  7  8  9 10 |
---------------+-------------------------------+-----
Polearms       | 5 6 8 9 11 12 15 16 18 | 18.8
Invocations    | 3 4 6 |  6.8
Dodging        | 5 6 8 |  8.6
Fighting       | |  2.1
Throwing       | |  2.0

Action                   |  1- 3 |  4- 6 |  7- 9 | 10-12 || total
-------------------------+-------+-------+-------+-------++-------
Melee: Trident           |    47 |   228 |   355 |   225 ||   855
       Punch             |       |       |       |     5 ||     5
Throw: Boomerang         |       |     7 |     2 |       ||     9
       Throwing net      |       |     1 |       |       ||     1
Invok: Heroism           |       |       |       |     6 ||     6
Evoke: Wand              |       |       |     3 |     6 ||     9
  Use: Scroll            |     2 |     5 |    10 |     1 ||    18
       Potion            |     3 |     2 |     2 |     1 ||     8
 Stab: Sleeping          |     1 |     6 |     1 |       ||     8
  Eat: Chunk             |       |    10 |    10 |     6 ||    26
Armor: Leather armour    |     3 |    19 |    56 |    21 ||    99
       Skin              |       |     3 |       |     4 ||     7
Dodge: Dodged            |    28 |   100 |   142 |   125 ||   395
Block: Other             |       |    25 |    45 |    38 ||   108
       Reflection        |       |       |     1 |     4 ||     5

Table legend:
 A = Non-vault XP
 B = Vault XP
 C = Vault XP percentage of total XP
 D = Non-vault monster count
 E = Vault monster count
 F = Vault count percentage of total count
                 A         B        C        D         E       F
            +---------+---------+-------+---------+---------+-------
      Total |    8741 |    1175 |  11.8 |     168 |       6 |   3.4
            +---------+---------+-------+---------+---------+-------
        D:1 |      19 |       0 |   0.0 |      11 |       0 |   0.0
        D:2 |      53 |      41 |  43.6 |      18 |       3 |  14.3
        D:3 |     125 |      35 |  21.9 |      20 |       1 |   4.8
        D:4 |     501 |       0 |   0.0 |      32 |       0 |   0.0
        D:5 |     762 |       0 |   0.0 |      25 |       0 |   0.0
        D:6 |      46 |       0 |   0.0 |       1 |       0 |   0.0
        D:8 |    3391 |      97 |   2.8 |      30 |       1 |   3.2
        D:9 |     763 |    1002 |  56.8 |      12 |       1 |   7.7
       D:10 |    3081 |       0 |   0.0 |      19 |       0 |   0.0
            +---------+---------+-------+---------+---------+-------
